 Dungeon Crawl Stone Soup version 0.32-a0-876-gcfddb08e57 (webtiles) character file.

Game seed: 17846028116827250448

60 smashvw the Sneak (level 4, -3/37 HPs)
             Began as a Human Delver on Mar 31, 2024.
             Slain by an iguana (11 damage)
             ... on level 3 of the Dungeon.
             The game lasted 00:06:47 (2561 turns).

smashvw the Sneak (Human Delver)                    Turns: 2561, Time: 00:06:47

Health: -3/37      AC:  3    Str: 10 (12) XL:     4   Next: 6%
Magic:  4/4        EV: 10    Int: 15 (17) God:
Gold:   141        SH:  0    Dex: 13 (16) Spells: 3/3 levels left

rFire   . . .        p - +0 dagger
rCold   . . .        (no shield)
rNeg    . . .        b - +0 leather armour
rPois   .            (no helmet)
rElec   .            (no cloak)
rCorr   .            (no gloves)
SInv    .            (no boots)
Will    .....        (no amulet)
Stlth   +++          s - +6 ring of intelligence
HPRegen 0.26/turn    (no ring)
MPRegen 0.09/turn

%: no passive effects
@: no status effects
A: explore regen
a: no special abilities


You were on level 3 of the Dungeon.
You visited 1 branch of the dungeon, and saw 5 of its levels.

You collected 141 gold pieces.

Inventory:

Hand Weapons
 a - a +0 hand axe
 p - a +0 dagger (weapon)
Armour
 b - a +0 leather armour (worn)
Jewellery
 h - a ring of positive energy
 i - a ring of flight
 s - a +6 ring of intelligence (left hand)
Wands
 g - a wand of digging (3)
Scrolls
 c - a scroll of fog
 d - a scroll of revelation
 e - 2 scrolls of fear
 j - a scroll of enchant weapon
 k - a scroll of amnesia
 n - a scroll of brand weapon
 r - a scroll of silence
 w - a scroll of blinking {unknown}
 x - a scroll of immolation {unknown}
Potions
 l - a potion of curing {unknown}
 m - a potion of mutation {unknown}
 o - a potion of resistance {unknown}
 q - a potion of magic {unknown}
 t - a potion of invisibility {unknown}
 u - a potion of lignification {unknown}
 v - a potion of haste


   Skills:
 + Level 3.7 Fighting
 + Level 1.0 Short Blades
 - Level 2.5 Axes
 - Level 2.0 Dodging
 + Level 5.5 Stealth


You had 3 spell levels left.
You didn't know any spells.
Your spell library was empty.

Dungeon Overview and Level Annotations

Branches:
Dungeon (5/15)
 Temple: D:4-7

Altars:
Dithmenos

Annotations:
D:5 Dowan


Innate Abilities, Weirdness & Mutations

You regain HP and MP as you explore.


Message History

An iguana is nearby!
No target in view!
No target in view!
An iguana is nearby!
You barely miss the iguana. The iguana barely misses you.
You hit the iguana but do no damage.
The iguana hisses menacingly.
The iguana bites you.
You hit the iguana but do no damage. The iguana bites you.
You hit the iguana.
The iguana is lightly wounded.
The iguana barely misses you.
You barely miss the iguana.
The iguana is lightly wounded.
The iguana bites you!
You are too injured to fight recklessly!
You are too injured to fight recklessly!
You are too injured to fight recklessly!
You are too injured to fight recklessly!
You hit the iguana but do no damage.
The iguana is lightly wounded.
The iguana barely misses you.
You closely miss the iguana.
The iguana is lightly wounded.
The iguana bites you.
You hit the iguana but do no damage.
The iguana is lightly wounded.
The iguana closely misses you.
You hit the iguana but do no damage.
The iguana is lightly wounded.
The iguana barely misses you.
You hit the iguana but do no damage.
The iguana is lightly wounded.
The iguana bites you!
* * * LOW HITPOINT WARNING * * *
It was a potion of degeneration.
There was something very wrong with that liquid.
You feel weakened.
You feel dopey.
You feel clumsy. The iguana bites you!
You die...

#.##.##.#####.......# ##
#.##.##........###### #.
#.......<......# ##.
###........#...# ##..
#..########..# ##§.. #..#
####..### ###§... #..#
#.......####......
#..#####.##..#...........
........@....#.####...§§§
.#######l##....# ###..§§
#.###...# ##.§. #.###...#
##§. #.......# ##.
#####...## ##. ##.....##
#.. ##.#.#.#.######.#
#.##...)........#


You could see an iguana.

Vanquished Creatures
  An orc (D:3)
  2 bats
  4 endoplasms
  6 giant cockroaches
  6 goblins
  7 hobgoblins
  2 jackals (D:2)
  2 kobolds
  3 quokkas
  9 ball pythons
  2 frilled lizards
  7 rats
51 creatures vanquished.

Notes
Turn   | Place    | Note
-------+----------+-------------------------------------------
     0 | D:5      | smashvw the Human Delver began the quest for the Orb.
     0 | D:5      | Reached XP level 1. HP: 18/18 MP: 1/1
     1 | D:5      | Noticed Dowan
    19 | D:4      | Noticed an iguana
   118 | D:2      | Reached XP level 2. HP: 21/24 MP: 2/2
   165 | D:2      | HP: 1/24 [goblin/+0 dagger (2)]
   439 | D:1      | Reached XP level 3. HP: 26/29 MP: 3/3
   950 | D:1      | Found a faded altar of an unknown god.
  1999 | D:3      | Found a shadowy altar of Dithmenos.
  2109 | D:3      | Noticed a black bear
  2161 | D:3      | Reached skill level 1 in Short Blades
  2161 | D:3      | Reached XP level 4. HP: 37/37 MP: 4/4
  2561 | D:3      | Slain by an iguana

Illustrated notes

Levels and vault maps discovered:
D:1:      beargit_arrival_greenhouse, layout_basic,
          shapermc_ecumenical_altar_mp_vishouse, serial_forest,
          infiniplex_forest_zigzag_1, infiniplex_forest_lined_corner,
          infiniplex_forest_end_2, infiniplex_forest_clump_diagonal,
          infiniplex_forest_straight_3, infiniplex_forest_clump_tiny,
          infiniplex_forest_clump_small, infiniplex_forest_end_1,
          infiniplex_forest_straight_2, infiniplex_forest_zigzag_1, st_stairs_3,
          dk_noncrumbling_3
D:2:      layout_rooms, minmay_tetromino_l4
D:3:      layout_loops_ring, nicolae_dithmenos_the_darkroom,
          nicolae_ru_sacrificial_ziggurat
D:4:      layout_rooms, mainiacjoe_overflow_concentric_impassable,
          amcnicky_altar_gilded, yredelemnul_altar_generic,
          minmay_temple_entry_purple_smoke
D:5:      layout_cave_pods, gammafunk_temple_overflow_arena,
          regret_index_kikubaaqudgha_part_by_part, uniq_duvessa

Skill      XL: |  1  2  3 |
---------------+----------+-----
Short Blades   | 1 |  1.0
Fighting       | |  3.7
Axes           | |  2.5
Dodging        | |  2.0
Stealth        | |  5.5

Action                     |  1- 3 |  4- 6 || total
---------------------------+-------+-------++-------
  Melee: Hand axe          |   102 |       ||   102
         Dagger            |    39 |    16 ||    55
    Use: Potion            |     1 |     1 ||     2
         Scroll            |     4 |       ||     4
   Stab: Sleeping          |    17 |     1 ||    18
 Armour: Leather armour    |    88 |     8 ||    96
  Dodge: Dodged            |    80 |     8 ||    88

Table legend: (Time is in decaauts)
 A = Elapsed time spent in this place.
 B = Non-inter-level travel time spent in this place.
 C = Inter-level travel time spent in this place.
 D = Time resting spent in this place.
 E = Time spent auto-exploring this place.
 F = Levels seen in this place.
 G = Mean time per level.
                   A        B        C        D        E       F      G
               +--------+--------+--------+--------+--------+-----+--------+
         Total |   2557 |   2411 |    146 |     90 |   1744 |   5 |  511.4 |
       Dungeon |   2557 |   2411 |    146 |     90 |   1744 |   5 |  511.4 |
               +--------+--------+--------+--------+--------+-----+--------+

Top non-repeatable levels by time:
     D:1: 1008 daAuts
     D:2: 855 daAuts
     D:3: 667 daAuts
     D:4: 22 daAuts
     D:5: 3 daAuts
